 Dungeon Crawl Stone Soup version 0.28.0 (webtiles) character file.

Game seed: 431798892852960413

51 flotson the Ducker (level 3, 0/28 HPs)
             Began as a Demonspawn Gladiator on Feb 10, 2022.
             Slain by a white imp (2 damage)
             ... summoned by Natasha
             ... on level 2 of the Dungeon.
             The game lasted 00:01:37 (1854 turns).

flotson the Ducker (Demonspawn Gladiator)           Turns: 1854, Time: 00:01:37

Health: 0/28       AC:  7    Str: 16    XL:     3   Next: 58%
Magic:  3/3        EV: 10    Int:  9    God:
Gold:   69         SH:  0    Dex: 14    Spells: 2/2 levels left

rFire   . . .      SeeInvis .   a - +0 war axe
rCold   . . .      Faith    .   (no shield)
rNeg    . . .      Spirit   .   e - +0 scale mail
rPois   .          Reflect  .   c - +0 helmet
rElec   .          Harm     .   (no cloak)
rCorr   .          Rampage  .   (no gloves)
Will    .....                   (no boots)
Stlth   ..........              (no amulet)
HPRegen 0.09/turn               (no ring)
MPRegen 0.08/turn               (no ring)

@: slowed, very slow
A: claws 1
a: no special abilities


You were on level 2 of the Dungeon.
You visited 1 branch of the dungeon, and saw 2 of its levels.

You collected 69 gold pieces.

Inventory:

Hand Weapons
 a - a +0 war axe (weapon)
Missiles
 d - 3 throwing nets (quivered)
Armour
 c - a +0 helmet (worn)
 e - a +0 scale mail (worn)
Jewellery
 f - a +6 ring of intelligence
Scrolls
 b - a scroll of identify {unknown}


   Skills:
 + Level 2.5 Fighting
 + Level 3.0 Axes
 + Level 2.2 Throwing
 + Level 1.1 Armour
 + Level 3.0 Dodging


You had 2 spell levels left.
You didn't know any spells.
Your spell library contained the following spells:

 Spells                   Type           Power      Damage    Failure   Level
 Summon Small Mammal      Summ           0%         N/A       83%         1
 Call Canine Familiar     Summ           0%         N/A       99%         3
 Summon Guardian Golem    Hex/Summ       0%         N/A       99%         3


Dungeon Overview and Level Annotations

Branches:
Dungeon (2/15)

Altars:

Annotations:
D:2 Natasha


Innate Abilities, Weirdness & Mutations

You have sharp fingernails.


Message History

Natasha casts a spell.
You hit Natasha.
Natasha is heavily wounded.
Natasha stares at you and mumbles some strange words.
You feel as though you will be slow longer.
The white imp gestures at you. The puff of frost hits you!
Natasha claws you but does no damage.
You are too injured to fight recklessly!
You are too injured to fight recklessly!
You are too injured to fight recklessly!
You are too injured to fight recklessly!
You are too injured to fight recklessly!
You are too injured to fight recklessly!
You are too injured to fight recklessly!
You are too injured to fight recklessly!
Unknown command.
You hit Natasha.
Natasha is severely wounded.
You hit the white imp but do no damage.
Natasha howls an incantation.
You feel disoriented. Natasha closely misses you.
The white imp barely misses you. Natasha claws you.
You hit Natasha but do no damage.
Natasha is severely wounded.
You closely miss the white imp. The white imp barely misses you.
Natasha stares at you and mumbles some strange words.
The magic dart hits you.
* * * LOW HITPOINT WARNING * * *
The white imp gestures at you. The puff of frost hits you.
* * * LOW HITPOINT WARNING * * *
Natasha mumbles some strange words.
You feel disoriented. Natasha claws you.
* * * LOW HITPOINT WARNING * * *
You miss Natasha.
Natasha is severely wounded.
You hit the white imp but do no damage. The white imp barely misses you.
Natasha claws you but does no damage. The white imp hits you.
You die...

#.####....... #.
#.####....... #.
#.>.......... # #.
#..####.####. #
#.#. ##..# #.# #.
#.#.#.####...# #.#
#. #.....#....#.#
#.# ##.
#....h5....#.# #.#
#..
#.#.##@#..........#
#..
#†#.#.#...........
.#...############.
#.##.#. .. ..#.#
##. ... # ## ####


You could see Natasha and a white imp (summoned).

Vanquished Creatures
  2 adders (D:2)
  A dart slug (D:1)
  4 ball pythons (D:1)
  3 bats (D:1)
  2 endoplasms (D:1)
  2 giant cockroaches (D:1)
  2 goblins (D:1)
  3 hobgoblins
  A quokka (D:1)
  A frilled lizard (D:1)
  5 kobolds
  4 rats
30 creatures vanquished.

Vanquished Creatures (others)
  8 plants (D:1)
8 creatures vanquished.

Grand Total: 38 creatures vanquished

Notes
Turn   | Place    | Note
-------+----------+-------------------------------------------
     0 | D:1      | flotson the Demonspawn Gladiator began the quest for the
                  | Orb.
     0 | D:1      | Reached XP level 1. HP: 16/16 MP: 1/1
   286 | D:1      | Gained mutation: You have sharp fingernails. [demonic
                  | ancestry]
   286 | D:1      | Reached XP level 2. HP: 22/22 MP: 2/2
  1448 | D:2      | Found a faded altar of an unknown god.
  1454 | D:2      | Reached XP level 3. HP: 28/28 MP: 3/3
  1497 | D:2      | Reached skill level 1 in Armour
  1845 | D:2      | Noticed Natasha
  1854 | D:2      | Slain by a white imp

Illustrated notes

Levels and vault maps discovered:
D:1:      dpeg_arrival_rooms_a, layout_basic, chequers_serial_rivers_marsh,
          serial_bayou_pond_a
D:2:      minmay_skewed_foursquare, layout_loops_ring,
          dreamdust_ecumenical_altar_grove, uniq_jessica, uniq_natasha

Skill      XL: |  1  2  3 |
---------------+----------+-----
Throwing       | 2 |  2.2
Dodging        | 3 |  3.0
Axes           | 3 |  3.0
Armour         | 1 |  1.1
Fighting       | |  2.5

Action                   || total
-------------------------++-------
Melee: War axe           ||   102
Armor: Leather armour    ||    14
       Scale mail        ||    29
       Skin              ||     1
Dodge: Dodged            ||    71
